 Dungeon Crawl Stone Soup version 0.23-b1-67-g8bd44de (webtiles) character file.

Game seed: 10489344191715473851

188 HEYYEYAAE the Bolt Thrower (level 5, 0/34 HPs)
             Began as an Octopode Hunter on Feb 5, 2019.
             Slain by a centaur skeleton (6 damage)
             ... on level 4 of the Dungeon.
             The game lasted 00:02:10 (3009 turns).

HEYYEYAAE the Bolt Thrower (Octopode Hunter)        Turns: 3009, Time: 00:02:11

Health: 0/34       AC:  8    Str: 12    XL:     5   Next: 67%
Magic:  5/5        EV: 13    Int: 13    God:
Gold:   220        SH:  0    Dex: 13    Spells: 4/4 levels left

rFire    . . .     SeeInvis .   n - +1 dagger (protect)
rCold    . . .     Gourm    .   (no shield)
rNeg     . . .     Faith    .   (helmet restricted)
rPois    .         Spirit   .   (no amulet)
rElec    .         Reflect  .   (no ring)
rCorr    .         Harm     .   (no ring)
MR       .....                  (no ring)
Stlth    +++.......             (no ring)
HPRegen  0.11/turn              (no ring)
MPRegen  0.09/turn              (no ring)
                                (no ring)
                                (no ring)

@: lethally poisoned (0 -> -2), protection aura
A: almost no armour, stealthy swim, amphibious, 8 rings, constrict 8, camouflage
1, gelatinous body 1
a: no special abilities


You were on level 4 of the Dungeon.
You were not hungry.

You visited 1 branch of the dungeon, and saw 4 of its levels.

You collected 220 gold pieces.

Inventory:

Hand Weapons
 a - a +1 hand crossbow
 b - a +0 short sword
 n - a +1 dagger of protection (weapon)
Missiles
 c - 27 bolts
 m - 177 stones (quivered)
Jewellery
 e - an uncursed amulet of harm {unknown}
 q - an uncursed ring of wizardry {unknown}
 v - a +5 amulet of reflection {unknown}
Wands
 t - a wand of acid (10)
 A - a wand of flame (17)
Scrolls
 f - 3 scrolls of teleportation {unknown}
 g - 2 scrolls of magic mapping {unknown}
 h - 6 scrolls of remove curse {unknown}
 j - a scroll of blinking {unknown}
 o - 6 scrolls of identify {unknown}
 r - a scroll of amnesia {unknown}
 s - a scroll of enchant weapon {unknown}
 u - a scroll of fear {unknown}
 w - a scroll of noise {unknown}
 x - a scroll of immolation {unknown}
 y - a scroll of enchant armour {unknown}
 B - a scroll of fog {unknown}
Potions
 i - a potion of agility {unknown}
 k - 2 potions of haste
 l - a potion of cancellation {unknown}
 p - 2 potions of lignification
Comestibles
 d - 3 rations
 z - a chunk of flesh


   Skills:
 - Level 2.0 Fighting
 + Level 6.7 Crossbows
 - Level 2.0 Dodging
 - Level 1.3 Stealth


You had 4 spell levels left.
You didn't know any spells.
Your spell library was empty.

Dungeon Overview and Level Annotations

Branches:
Dungeon (4/15)
 Temple: D:4-7

Altars:
Kikubaaqudgha


Innate Abilities, Weirdness & Mutations

You cannot wear most types of armour.
You are very stealthy in the water. (Stealth+)
You are amphibious.
You can wear up to eight rings at the same time.
You can use your tentacles to constrict eight enemies at once.
Your skin changes colour to match your surroundings (Stealth+).
Your rubbery body absorbs attacks. (AC +1, EV +1)


Message History

You hit the centaur skeleton.
The centaur skeleton is lightly damaged.
The centaur skeleton closely misses you.
You hit the centaur skeleton.
The centaur skeleton is lightly damaged.
The centaur skeleton closely misses you.
The centaur skeleton hits you.
* * * LOW HITPOINT WARNING * * *
You hit the centaur skeleton.
The centaur skeleton is lightly damaged.
You feel sick. The centaur skeleton barely misses you.
You hit the centaur skeleton but do no damage.
The centaur skeleton is lightly damaged.
The centaur skeleton hits you but does no damage.
You hit the centaur skeleton but do no damage.
The centaur skeleton is lightly damaged.
You feel sick. The centaur skeleton hits you.
* * * LOW HITPOINT WARNING * * *
The centaur skeleton hits you.
You die...

##### ...# ...## ##...
....## ### ##.##.###.###
..# #..#Zo.......
..############..@#........
.................###Z....#
...#############..# .._..#
...# ....# ..### ..##
.##..#### ..# .. #... ..#
#. #..# .## .. ... ..


You could see an orc and a centaur skeleton.

Vanquished Creatures
  A worker ant (D:4)
  9 adders
  A shadow imp (D:3)
  A worm (D:3)
  2 dart slugs
  2 leopard geckos
  4 giant cockroaches
  7 hobgoblins
  6 jackals
  A quokka (D:3)
  A ball python (D:1)
  6 bats
  6 frilled lizards
  7 goblins
  10 kobolds
  7 rats
71 creatures vanquished.

Notes
Turn   | Place    | Note
-------+----------+-------------------------------------------
     0 | D:1      | HEYYEYAAE the Octopode Hunter began the quest for the Orb.
     0 | D:1      | Reached XP level 1. HP: 14/14 MP: 1/1
    68 | D:1      | Reached XP level 2. HP: 17/19 MP: 2/2
  1028 | D:1      | Reached XP level 3. HP: 24/24 MP: 3/3
  1273 | D:2      | Reached skill level 5 in Crossbows
  1583 | D:2      | Reached XP level 4. HP: 29/29 MP: 4/4
  2367 | D:3      | Reached skill level 6 in Crossbows
  2732 | D:3      | Reached XP level 5. HP: 23/34 MP: 5/5
  2976 | D:4      | Found an ancient bone altar of Kikubaaqudgha.
  3009 | D:4      | Slain by a centaur skeleton

Skill      XL: |  1  2  3  4 |
---------------+-------------+-----
Crossbows      | 5 6 |  6.7
Fighting       | |  2.0
Dodging        | |  2.0
Stealth        | |  1.3

Action                   |  1- 3 |  4- 6 || total
-------------------------+-------+-------++-------
Melee: Dagger            |       |    94 ||    94
       Constrict         |       |    21 ||    21
       Tentacles         |       |    13 ||    13
       Short sword       |       |     2 ||     2
 Fire: Hand crossbow     |    80 |    28 ||   108
  Use: Potion            |       |     3 ||     3
 Stab: Sleeping          |       |     1 ||     1
  Eat: Chunk             |     1 |     5 ||     6
Armor: Skin              |     1 |    40 ||    41
Dodge: Dodged            |    15 |    76 ||    91
